Unix NetHack Version 5.0.0-0 post-release - last build Jun 10 2026 00:39:30 (3ee93aec679c4c4259841fe613dc97188e26a321,branch:main).

Game began 2026-06-22 18:58:14, ended 2026-06-22 19:20:01.

Eymerich, chaotic male elven Priest

                                                  |          --------------
                                                  |..        |........>...|
                                                  .....@dd###.............|
                                                  ----    ###|............|
                                                          # #--------------
                                                            #
                                                            #
                                                            ###
                                                              ##
                                                               #
                                                               ###
                                                                 ####--------
                                                                    #-......|
                                                                     |......|
                                                                     |.....<|
                                                                     --------

Eymerich the Acolyte         St:11 Dx:12 Co:15 In:9 Wi:20 Ch:10  Chaotic
Dlvl:3  $:74 HP:0(20) Pw:39(39) AC:9  Xp:3 T:1376 

Latest messages:
 a - a blessed +1 mace (alternate weapon; not wielded).
 In what direction?
 The rock hits the gas spore.
 In what direction?
 The rock hits the gas spore.
 In what direction?
 The rock hits the gas spore.
 What do you want to ready? [$aotyAH or ?*]
 o - 4 blessed darts (at the ready).
 In what direction?
 The dart hits the gas spore.
 In what direction?
 You kill the gas spore!
 Boom!
 You see here a blessed dart.
 o - a blessed dart (at the ready) (3 in total).
 a - a blessed +1 mace (weapon in right hand).
 v - a sling (alternate weapon; not wielded).
 You kill the hobgoblin!
 You climb up the stairs.
 You hear someone cursing shoplifters.
 You descend the stairs.
 It bites the little dog.
 The little dog bites!
 It bites the little dog.
 The little dog misses it.
 Pinky misses the little dog.
 You miss the little dog.
 The little dog bites!
 Pinky misses the little dog.
 You hit the little dog!
 The little dog bites!
 Pinky bites the little dog.
 The little dog misses Pinky.
 The little dog bites!
 Pinky misses the little dog.
 You miss the little dog.
 The little dog bites!
 Pinky misses the little dog.
 The little dog bites!
 You miss the little dog.
 The little dog bites!
 Pinky misses the little dog.
 The little dog bites!
 You miss the little dog.
 The little dog bites!
 Pinky misses the little dog.
 The little dog bites!
 You die...
 Do you want your possessions identified? [ynq] (y)

Inventory:
 Coins    ('$')
  $ - 74 gold pieces
 Weapons  (')')
  z - 53 +0 arrows
  v - a +0 sling (alternate weapon; not wielded)
  H - a +0 boomerang
  o - 3 blessed +1 darts (at the ready)
  t - a +0 elven dagger
  A - a +0 orcish dagger
  a - a blessed +1 mace (weapon in right hand)
 Armor    ('[')
  m - a +0 orcish helm
  u - a +0 pair of low boots (being worn)
  b - a +0 robe
 Comestibles  ('%')
  e - a clove of garlic
  f - a sprig of wolfsbane
 Scrolls  ('?')
  n - a scroll of light
  F - a cursed scroll of remove curse
 Spellbooks  ('+')
  h - a spellbook of detect food
  g - a spellbook of protection
 Potions  ('!')
  d - 4 potions of holy water
 Rings    ('=')
  k - a ring of shock resistance
 Tools    ('(')
  C - an empty cursed sack
  i - a tooled horn
  q - a skeleton key
  D - a cursed tallow candle
 Gems/Stones  ('*')
  y - 2 worthless pieces of red glass named soft

Eymerich the Priest's attributes:

Background:
 You were an Acolyte, a level 3 elven Priest.
 You were chaotic, nominally on a mission for Anhur
 who was opposed by Ptah (lawful) and Thoth (neutral).
 You were right-handed.
 You were in the Dungeons of Doom, on level 3.
 You entered the dungeon 1376 turns ago.
 You had 79 experience points, 1 more was needed to attain level 4.

Basics:
 You had 0 out of 20 hit points.
 You had all 39 energy points (spell power).
 Your armor class was 9.
 Your wallet contained 74 zorkmids.
 Autopickup was off.

Final Characteristics:
 Your strength was 11 (limit:18).
 Your dexterity was 12 (limit:18).
 Your constitution was 15 (limit:16).
 Your intelligence was 9 (limit:20).
 Your wisdom was 20 (limit:20).
 Your charisma was 10 (limit:18).

Final Status:
 You weren't hungry.
 You were unencumbered.
 You were wielding a mace.
 You had basic skill with mace.

Final Attributes:
 You were devoutly aligned.
 You had infravision.
 You are dead.

Miscellaneous:
 You didn't encounter any bones levels.
 Total elapsed playing time was 21 minutes and 43 seconds.

Major events:
 Turn
    1: Eymerich the chaotic elven Priest entered the dungeon
  675: attained the rank of Acolyte (level 3)
 1376: killed by a little dog

Spells:
 Name                 Level Category     Fail Retention
 protection             1   clerical       0%  91%-100%
 detect food            2   divination    48%  76%-100%

Skills:
 Fighting Skills
   bare handed combat [Unskilled]
 Weapon Skills
   club               [Unskilled]
   mace               [Basic]
   morning star       [Unskilled]
   flail              [Unskilled]
   hammer             [Unskilled]
   quarterstaff       [Unskilled]
   polearms           [Unskilled]
   spear              [Unskilled]
   trident            [Unskilled]
   lance              [Unskilled]
   bow                [Unskilled]
   sling              [Unskilled]
   crossbow           [Unskilled]
   dart               [Unskilled]
   shuriken           [Unskilled]
   boomerang          [Unskilled]
   unicorn horn       [Unskilled]
 Spellcasting Skills
   healing spells     [Unskilled]
   divination spells  [Unskilled]
   clerical spells    [Basic]

Voluntary challenges:
 Character rerolling was not enabled.
 You were an atheist.
 You never genocided any monsters.
 You never polymorphed an object.
 You never changed form.
 You used no wishes.
Achievements:
 You entered a shop.
 You attained the rank of Acolyte.

 The Dungeons of Doom: levels 1 to 3
    Level 1:
    Level 2:
       An armor shop, a fountain, a sink, a grave.
    Level 3: <- You were here.
       Final resting place for
          you, killed by a little dog.


Vanquished creatures:
 an iguana
  2 gas spores
  2 hobbits
  a large kobold
  a hobgoblin
  a green mold
  a red mold
  2 geckos
  2 jackals
  a kobold
  3 goblins
  a sewer rat
  6 grid bugs
  a lichen
  4 newts
29 creatures vanquished.

No species were genocided or became extinct.

Game over:
                       ----------
                      /          \
                     /    REST    \
                    /      IN      \
                   /     PEACE      \
                  /                  \
                  |     Eymerich     |
                  |      74 Au       |
                  |   killed by a    |
                  |    little dog    |
                  |                  |
                  |                  |
                  |       2026       |
                 *|     *  *  *      | *
        _________)/\\_//(\/(/\)/\//\/|_)_______

Goodbye Eymerich the Priest...

You died in The Dungeons of Doom on dungeon level 3 with 493 points,
and 74 pieces of gold, after 1376 moves.
You were level 3 with a maximum of 20 hit points when you died.

